 Dungeon Crawl Stone Soup version 0.17.2-1-ge4368a0 (webtiles) character file.

6885 Goblin1989 the Martial Artist (level 10, 0/80 HPs)
             Began as a Demonspawn Monk on Nov 10, 2017.
             Was a Priest of Cheibriados.
             Slain by a yak (4 damage)
             ... on level 9 of the Dungeon on Nov 12, 2017.
             The game lasted 00:31:56 (10083 turns).

Goblin1989 the Martial Artist (Demonspawn Monk)    Turns: 10083, Time: 00:31:57

Health: 0/80       AC:  9    Str: 23    XL:     10   Next: 79%
Magic:  8/17       EV: 20    Int: 28    God:    Cheibriados [***...]
Gold:   459        SH:  5    Dex: 28    Spells: 0 memorised, 9 levels left

rFire  + . .     SeeInvis .       - Unarmed
rCold  . . .     Clarity  .     F - +3 leather armour "Maedod" {Int+7}
rNeg   . . .     SustAt   .     I - +0 buckler
rPois  .         Gourm    .     (helmet restricted)
rElec  .         Spirit   .     s - +1 cloak
rCorr  +         Warding  .     (no gloves)
rMut   .         Stasis   .     n - +0 pair of boots
MR     .....                    g - amulet of resist corrosion
Stlth  ++++++....               (no ring)
                                c - +2 ring of strength

@: very slow, not resistant to hostile enchantments, very stealthy
A: antennae 1, thin skeletal structure 2, fire resistance 1, nightstalker 2, rot
immunity
a: Bend Time, Temporal Distortion, Renounce Religion


You were on level 9 of the Dungeon.
You worshipped Cheibriados.
Cheibriados was most pleased with you.
You were hungry.

You visited 2 branches of the dungeon, and saw 10 of its levels.
You also visited: Ossuary.

You collected 459 gold pieces.

Inventory:

Hand Weapons
 f - a +1 hunting sling of flaming
 v - a +2 whip of electrocution
Missiles
 d - 49 sling bullets
 l - 24 poisoned needles
 o - 259 stones (quivered)
 p - 110 arrows
 Z - a throwing net {!d, =f}
Armour
 n - a +0 pair of boots (worn)
 s - a +1 cloak (worn)
 B - the +0 leather armour of Hairiness {rC+}
   (You found it on level 5 of the Dungeon)

   It protects you from cold.
 F - the +3 leather armour "Maedod" (worn) {Int+7}
   (You found it on level 6 of the Dungeon)

   It affects your intelligence (+7).
 I - a +0 buckler (worn)
Jewellery
 c - a +2 ring of strength (left hand)
 g - an amulet of resist corrosion (around neck)
 t - a cursed ring of teleportation
Wands
 i - a wand of cold (6)
 A - a wand of draining (6)
 C - a wand of confusion (20)
 K - a wand of teleportation (4) {@v3, !v}
 N - a wand of frost (27)
 P - a wand of paralysis (12)
Scrolls
 k - a scroll of magic mapping {unknown}
 r - 4 scrolls of remove curse {@r2}
 y - a scroll of fear {unknown}
 z - a scroll of amnesia {unknown}
 H - a scroll of vulnerability {unknown}
 J - a scroll of fog {unknown}
 R - 6 scrolls of identify {@r1}
 T - 5 scrolls of teleportation {@r3, !r}
Potions
 b - 4 potions of brilliance
 h - a potion of magic {unknown}
 m - a potion of flight
 q - 2 potions of might {unknown}
 u - 4 potions of lignification {unknown}
 w - 2 potions of curing {@q1}
 x - a potion of invisibility {unknown}
 D - a potion of agility
 G - 3 potions of mutation {unknown}
 L - a potion of berserk rage {unknown}
Comestibles
 a - 4 meat rations {@e2}
 e - 7 bread rations {@e1}
 j - 7 beef jerkies
 E - 2 slices of pizza
 M - 2 royal jellies


   Skills:
 + Level 8.2 Fighting
 + Level 7.7 Dodging
 - Level 1.7 Stealth
 + Level 9.8 Unarmed Combat
 * Level 9.8 Invocations


You had 9 spell levels left.
You didn't know any spells.

Dungeon Overview and Level Annotations

Branches:
Dungeon (9/15)             Temple (1/1) D:5            Lair (0/8) D:9
    Orc: D:9-12

Altars:
Ashenzari
Cheibriados
Dithmenos
Elyvilon
Fedhas
Gozag
Kikubaaqudgha
Makhleb
Nemelex Xobeh
Okawaru
Qazlal
Ru
Sif Muna
Trog
Vehumet
Xom
Yredelemnul
Zin
The Shining One

Shops:
D:4 *   D:9 (

Annotations:
D:3 Jessica
D:8 exclusion: Maurice, Maurice


Innate Abilities, Weirdness & Mutations

You have a pair of small antennae on your head.
You have a moderately thin skeletal structure (Dex +4, Stealth+).
You are significantly more attuned to the shadows.
You are immune to rotting.
Your flesh is heat resistant.


Message History

The yak gores you!
You take 13 damage, and have 60/80 hp.
The yak bellows!
You hit the yak but do no damage.
The yak is moderately wounded.
The yak gores you.
A black bear comes into view.
You take 5 damage, and have 55/80 hp.
The black bear growls angrily.
You punch the yak!
The yak is heavily wounded.
You block the yak's attack.
A centaur comes into view.
The yak closely misses you. The black bear barely misses you.
The black bear claws you but does no damage.
The black bear barely misses you. You block the yak's attack.
The black bear misses you. The black bear completely misses you.
You block the black bear's attack. The yak gores you! The black bear bites you.
You block the black bear's attack.
The black bear claws you but does no damage.
You take 9 damage, and have 47/80 hp.
The yak snorts and paws the ground.
The yak closely misses you. The yak gores you but does no damage.
The centaur wields a shortbow.
The centaur shoots an arrow.
The arrow hits you! The yak closely misses you. The yak barely misses you.
You hear a bellow!
You take 10 damage, and have 37/80 hp.
The centaur shoots an arrow.
The arrow misses you. The yak closely misses you. The black bear bites you.
* * * LOW HITPOINT WARNING * * *
The black bear misses you. The black bear closely misses you.
You take 4 damage, and have 33/80 hp.
The centaur unwields a shortbow.
You block the centaur's attack. The black bear bites you.
* * * LOW HITPOINT WARNING * * *
The black bear claws you.
* * * LOW HITPOINT WARNING * * *
You block the black bear's attack. The centaur barely misses you.
You take 5 damage, and have 28/80 hp.
The centaur wields a shortbow.
The centaur shoots an arrow.
The arrow hits you.
* * * LOW HITPOINT WARNING * * *
You block the black bear's attack.
The black bear claws you but does no damage.
The black bear barely misses you.
You see here an arrow.
You take 3 damage, and have 25/80 hp.
You can feel time thicken for a moment.
You kill the yak!
Cheibriados thoroughly appreciates the change of pace.
You kill the centaur!
Cheibriados thoroughly appreciates the change of pace.
You feel somewhat more hungry.
Cheibriados reduces the support of your attributes as your movement quickens.
The black bear goes berserk!
The yak closely misses you.
You now have 12/17 mp.
You barely miss the black bear.
The black bear is severely wounded.
The black bear bites you.
* * * LOW HITPOINT WARNING * * *
The black bear barely misses you. The black bear completely misses you.
The yak barely misses you. The black bear completely misses you.
The black bear misses you. x2
You take 3 damage, and have 22/80 hp.
You hit the black bear.
The black bear is almost dead.
You block the black bear's attack. The black bear closely misses you.
The black bear claws you but does no damage.
The yak barely misses you.
Unknown command.
You hit the black bear.
You kill the black bear!
Cheibriados appreciates the change of pace.
Unknown command.
You can feel time thicken for a moment.
You kill the yak!
Cheibriados appreciates the change of pace.
You kill the yak!
Cheibriados thoroughly appreciates the change of pace.
You feel somewhat more hungry.
You can no longer inflict damage on those overly hasty.
Cheibriados reduces the support of your attributes as your movement quickens.
You now have 7/17 mp.
The yak gores you!
* * * LOW HITPOINT WARNING * * *
You block the yak's attack.
You take 11 damage, and have 12/80 hp.
You hit the yak.
The yak is severely wounded.
You closely miss the yak.
The yak is severely wounded.
The yak barely misses you.
You hit the yak but do no damage.
The yak is severely wounded.
The yak gores you!
* * * LOW HITPOINT WARNING * * *
You take 9 damage, and have 4/80 hp.
You hit the yak but do no damage.
The yak is severely wounded.
The yak gores you.
You die...

.............██..██.█████∆█
...............█..█ █..)...
█...............█.... █.)███.
█...............█ ... █..█ █.
███..8......†.....▲ █..█ █.
..................█ █..█ █.
..8.8.8............█ █..█ █.
...............Y...█ █..███.
█.█...........@)..█ ██......
█............†(████ █.......
███.†██...███.(█ █.......
█..██...███..█ █.████..
█..██.......%▲ █.......
█............█ █.......
█......██████████████████████
█......█...............▲.....
█.███..█...............█.....


You could see a yak.

Vanquished Creatures
  The ghost of Goblin1989 the Grappler, a novice MiMo of Gozag (D:8)
  Joseph (D:8)
  A trapdoor spider zombie (D:9)
  Prince Ribbit (D:5)
  Sigmund (D:2)
  4 yaks (D:9)
  3 basilisks (D:9)
  A water moccasin (D:7)
  2 black bears
  4 porcupines (D:9)
  2 orc warriors
  4 necrophages
  A sky beast (D:8)
  5 centaurs
  A crocodile (D:9)
  5 ogres
  2 elf zombies (Ossuary)
  2 giant frogs (D:9)
  5 killer bees
  8 wights
  3 crimson imps
  3 hounds
  A quasit (D:6)
  2 giant frog zombies (D:6)
  3 centaur zombies
  3 orc priests
  3 human zombies (Ossuary)
  5 orc wizards
  Crazy Yiuf (D:3)
  Ijyb (D:3)
  2 jellies
  A giant frog skeleton (D:7)
  A centaur skeleton (D:5)
  5 worker ants
  2 iguanas
  A big kobold zombie (Ossuary)
  2 hound zombies (Ossuary)
  3 mummies (Ossuary)
  3 gnolls (D:3)
  13 adders
  3 river rats (D:9)
  8 oozes
  An adder skeleton (D:6)
  7 adder zombies
  4 worms
  18 orcs
  5 giant cockroaches
  A gnoll zombie (Ossuary)
  9 hobgoblins
  A quokka (D:6)
  4 ball pythons
  9 bats
  9 giant newts
  8 goblins
  3 goblin zombies (Ossuary)
  2 hobgoblin zombies (Ossuary)
  19 jackals
  9 jackal zombies (Ossuary)
  4 kobolds
  5 kobold zombies (Ossuary)
  2 quokka zombies (Ossuary)
  15 rats
  A rat zombie (Ossuary)
259 creatures vanquished.

Vanquished Creatures (others)
  A plant (D:9)
1 creature vanquished.

Grand Total: 260 creatures vanquished

Notes
Turn   | Place    | Note
--------------------------------------------------------------
     0 | D:1      | Goblin1989 the Demonspawn Monk began the quest for the Orb.
     0 | D:1      | Reached XP level 1. HP: 18/18 MP: 1/1
     1 | D:1      | Found a runed door.
   131 | D:1      | Reached skill level 4 in Unarmed Combat
   196 | D:1      | Gained mutation: You are immune to rotting. [demonic ancestry]
   196 | D:1      | Reached XP level 2. HP: 17/24 MP: 2/2
   879 | D:1      | Gained mutation: You are slightly more attuned to the shadows. [demonic ancestry]
   879 | D:1      | Reached XP level 3. HP: 24/29 MP: 3/3
  1298 | D:2      | Reached skill level 5 in Unarmed Combat
  1463 | D:2      | Reached XP level 4. HP: 27/35 MP: 4/4
  1694 | D:2      | Noticed Sigmund
  1718 | D:2      | Killed Sigmund
  1718 | D:2      | Reached skill level 6 in Unarmed Combat
  1718 | D:2      | Gained mutation: You have a somewhat thin skeletal structure (Dex +2, Stealth). [demonic ancestry]
  1718 | D:2      | Reached XP level 5. HP: 26/41 MP: 5/5
  1725 | D:2      | Gained mutation: You are significantly more attuned to the shadows. [demonic ancestry]
  1725 | D:2      | Reached XP level 6. HP: 30/47 MP: 6/6
  2229 | D:3      | Noticed Jessica
  2654 | D:3      | Noticed Ijyb
  2681 | D:3      | Killed Ijyb
  2746 | D:3      | Noticed Crazy Yiuf
  2755 | D:3      | Killed Crazy Yiuf
  3276 | D:4      | Reached skill level 7 in Unarmed Combat
  3423 | D:4      | Found a shadowy altar of Dithmenos.
  3428 | D:4      | Found Lunedikec's Assorted Antiques.
  3467 | D:4      | Found a sand-covered staircase.
  3474 | Ossuary  | Entered an ossuary
  3647 | Ossuary  | Gained mutation: You have a moderately thin skeletal structure (Dex +4, Stealth+). [demonic ancestry]
  3647 | Ossuary  | Reached XP level 7. HP: 6/53 MP: 7/7
  5173 | D:5      | Entered Level 5 of the Dungeon
  5175 | D:5      | Got a bloodstained leather armour
  5187 | D:5      | Identified the cursed +0 leather armour of Hairiness {rC+} (You found it on level 5 of the Dungeon)
  5272 | D:5      | Reached XP level 8. HP: 56/61 MP: 8/8
  5370 | D:5      | Found a staircase to the Ecumenical Temple.
  5377 | Temple   | Entered the Ecumenical Temple
  5462 | Temple   | Became a worshipper of Cheibriados the Contemplative
  5462 | Temple   | Reached * piety under Cheibriados
  5462 | Temple   | Reached ** piety under Cheibriados
  5524 | D:5      | Noticed Prince Ribbit
  5535 | D:5      | Killed Prince Ribbit
  5535 | D:5      | Reached skill level 5 in Fighting
  5535 | D:5      | Reached skill level 5 in Dodging
  6120 | D:5      | Reached skill level 8 in Unarmed Combat
  6209 | D:6      | Got a faintly humming leather armour
  6221 | D:6      | Identified the +3 leather armour "Maedod" {Int+7} (You found it on level 6 of the Dungeon)
  6227 | D:6      | Gained mutation: Your flesh is heat resistant. [potion of beneficial mutation]
  6746 | D:7      | Reached *** piety under Cheibriados
  7094 | D:7      | Gained mutation: You have a pair of small antennae on your head. [demonic ancestry]
  7094 | D:7      | Reached XP level 9. HP: 71/71 MP: 9/9
  7136 | D:7      | Reached skill level 1 in Invocations
  7679 | D:8      | Noticed Joseph
  7710 | D:8      | Killed Joseph
  7710 | D:8      | Reached skill level 9 in Unarmed Combat
  7710 | D:8      | Reached skill level 5 in Invocations
  7720 | D:8      | Reached **** piety under Cheibriados
  7991 | D:8      | Noticed Goblin1989's ghost (novice MiMo)
  8030 | D:8      | Killed Goblin1989's ghost
  8030 | D:8      | Reached XP level 10. HP: 18/79 MP: 10/15
  8336 | D:8      | Noticed Maurice
  9536 | D:9      | Found Tennuibb's Weapon Boutique.
 10056 | D:9      | Found a staircase to the Lair.
 10082 | D:9      | HP: 4/80 [yak (9)]
 10083 | D:9      | Slain by a yak

Action                   |  1- 3 |  4- 6 |  7- 9 | 10-12 || total
-------------------------+-------+-------+-------+-------++-------
Melee: Unarmed           |   158 |   278 |   443 |   185 ||  1064
 Fire: Hunting sling     |       |       |     4 |       ||     4
Invok: Slouch            |       |       |     1 |     4 ||     5
Evoke: Wand              |       |       |     1 |     1 ||     2
  Use: Potion            |       |     7 |     3 |     1 ||    11
       Scroll            |       |     4 |     5 |       ||     9
 Stab: Sleeping          |     3 |    25 |    27 |     7 ||    62
       Distracted        |     3 |     3 |     3 |       ||     9
  Eat: Chunk             |     2 |     5 |     3 |     2 ||    12
       Pizza             |       |     1 |       |       ||     1
       Fruit             |       |       |     2 |       ||     2
       Beef jerky        |       |       |     1 |     1 ||     2
       Bread ration      |       |       |     1 |       ||     1

Vault maps used:
D:1:      dpeg_arrival_caged_fury
D:2:      uniq_sigmund
D:3:      uniq_jessica, uniq_crazy_yiuf_cottage, uniq_iyjb
D:4:      kennysheep_mini, nicolae_ossuary_entry_ruins, serial_shops, shop
D:5:      minmay_temple_entry_trees, first_bread, hangedman_decor_points,
          uniq_prince_ribbit1
D:7:      grunt_ministairs_9
D:8:      uniq_joseph, uniq_maurice
D:9:      minmay_lair_entry_grove, serial_column_ruins, column_ruins_hut_water,
          column_ruins_open_medium, column_ruins_columns_straight,
          column_ruins_columns_corner, column_ruins_open_tiny,
          column_ruins_open_tiny, serial_shops, kennysheep_mini_moat,
          grunt_ogre_cave
Temple:   grunt_circular_temple_18
Ossuary:  minmay_ossuary_two_tombs
